 Dungeon Crawl Stone Soup version 0.15-a0-734-g2b8d6ef (webtiles) character file.

103 Infinimo the Shield-Bearer (level 5, -18/41 HPs)
             Began as a Formicid Fighter on May 11, 2014.
             Demolished by an ogre
             ... wielding a +0,+0 giant club
              (19 damage)
             ... on Level 4 of the Dungeon.
             The game lasted 00:03:46 (3389 turns).

Infinimo the Shield-Bearer (Formicid Fighter)       Turns: 3389, Time: 00:03:46

HP -18/41        AC  6     Str 21      XL: 5   Next:  6%
MP   7/7         EV  9     Int  8      God:
Gold 131         SH 19     Dex 10      Spells:  0 memorised,  4 levels left

rFire  . . .     SeeInvis +     a - +1,+0 flail
rCold  . . .     Clarity  .     b - +0 scale mail
rNeg   + . .     Conserve .     c - +0 shield
rPois  .         rCorr    .     (helmet unavailable)
rElec  .         rRot     .     (no cloak)
SustAb . .       Spirit   .     (no gloves)
rMut   .         Warding  +     (no boots)
Gourm  .         Stasis   +     q - amulet of warding
MR     +....                    g - +2 ring of evasion
                                p - cursed ring of teleportation

@: somewhat resistant to hostile enchantments, extremely unstealthy
A: permanent stasis, dig shafts and tunnels, four strong arms, antennae 3, magic
resistance 1
a: Dig, Shaft Self, Evoke Teleportation


You were on level 4 of the Dungeon.
You were not hungry.

You visited 1 branch of the dungeon, and saw 4 of its levels.

You collected 187 gold pieces.
You spent 56 gold pieces at shops.

Inventory:

Hand weapons
 a - a +1,+0 flail (weapon)
Armour
 b - a +0 scale mail (worn)
 c - a +0 shield (worn)
Magical devices
 o - a wand of slowing (9)
Comestibles
 d - 2 bread rations
Scrolls
 h - a scroll of remove curse {unknown}
 k - a scroll of fog {unknown}
 n - a scroll of identify
Jewellery
 g - a +2 ring of evasion (right hand)
 p - a cursed ring of teleportation (left hand)
 q - an amulet of warding (around neck)
Potions
 e - 2 potions of might
 i - a potion of magic
 j - a potion of brilliance
 l - 4 potions of curing
 m - 2 potions of haste {unknown}
 r - a potion of heal wounds {unknown}


   Skills:
 - Level 3.2 Fighting
 * Level 4.1 Maces & Flails
 - Level 3.2 Armour
 + Level 4.6 Shields


You had 4 spell levels left.
You didn't know any spells.

Dungeon Overview and Level Annotations

Branches:
Dungeon (4/15)
 Temple: D:4-7

Altars:
Qazlal

Shops:
D:4 !

Annotations:
D:3 Infinimo's ghost, average FoFi


Innate Abilities, Weirdness & Mutations

Your are under a permanent stasis effect.
You can dig through walls and to a lower floor.
Your four strong arms can wield two-handed weapons with a shield.
You have a pair of large antennae on your head (SInv).
You are resistant to hostile enchantments.


Message History

You extend your mandibles.
You dig through the rock wall.
You dig through the rock wall.
You dig through the rock wall.
The ogre hits you with a giant club!
Ouch! That really hurt!
* * * LOW HITPOINT WARNING * * *
You dig through the rock wall.
You dig through the rock wall.
Drink which item? (? for menu, Esc to quit)
You feel resistant to hostile enchantments.
You feel fantastic!
It was a potion of beneficial mutation.
You block the ogre's attack.
Read which item? (? for menu, Esc to quit)
Okay, then.
Use which ability? (? or * to list) Are you sure you want to shaft yourself?
You feel quite a bit more hungry.
You begin to dig a shaft.
You continue digging a shaft.
The ogre hits you with a giant club!
You die...

..... ##.## ..... ##.##
..... ##.## ..... ##.##
.... ##.## . ##w##
######## ##.## #.8..∩..
##O## #...#### ##@#
###.#### ### #.....
#..... ###....§ #......§
######### #.##...≈
####.......## #.##...≈
8.....8.8##..# #.##...§
.........##..####.##.≈≈≈


You could see a worm and an ogre.

Vanquished Creatures
  A hound (D:4)
  An iguana (D:3)
  A giant mite (D:3)
  2 giant geckos (D:3)
  2 giant cockroaches
  7 goblins
  8 hobgoblins
  5 kobolds
  A ball python (D:4)
  3 bats
  3 giant newts
  12 rats
46 creatures vanquished.

Notes
Turn   | Place    | Note
--------------------------------------------------------------
     0 | D:1      | Infinimo, the Formicid Fighter, began the quest for the Orb.
     0 | D:1      | Reached XP level 1. HP: 18/18 MP: 1/1
   411 | D:1      | Reached XP level 2. HP: 22/24 MP: 3/3
  1040 | D:2      | Reached XP level 3. HP: 29/29 MP: 4/4
  1058 | D:2      | Reached skill level 4 in Shields
  2303 | D:3      | Reached XP level 4. HP: 13/35 MP: 5/5
  2986 | D:3      | Noticed Infinimo's ghost (average FoFi)
  3021 | D:4      | Found a stormy altar of Qazlal.
  3218 | D:4      | Found Oblif's Distillery.
  3222 | D:4      | Bought a potion of curing for 28 gold pieces
  3222 | D:4      | Bought a potion of curing for 28 gold pieces
  3365 | D:4      | Noticed an ogre
  3378 | D:4      | Reached XP level 5. HP: 23/41 MP: 7/7
  3384 | D:4      | HP: 1/41 [ogre/giant club (22)]
  3387 | D:4      | Gained mutation: You are resistant to hostile enchantments. [potion of beneficial mutation]
  3389 | D:4      | Demolished by an ogre

Action                   |  1- 3 |  4- 6 || total
-------------------------+-------+-------++-------
Melee: Flail             |   111 |    32 ||   143
 Abil: Dig               |     4 |     3 ||     7
       Shaft Self        |       |     1 ||     1
Evoke: Wand              |       |     1 ||     1
  Use: Scroll            |     6 |       ||     6
       Potion            |       |     1 ||     1
